 Dungeon Crawl Stone Soup version 0.21.0 (webtiles) character file.

7029 theanonym the Arsonist (level 10, -12/59 HPs)
             Began as a Deep Elf Fire Elementalist on Jan 6, 2018.
             Was a Priest of Vehumet.
             Killed from afar by Frances (60 damage)
             ... with an iron shot
             ... on level 12 of the Dungeon.
             The game lasted 00:46:48 (11502 turns).

theanonym the Arsonist (DEFE)                      Turns: 11502, Time: 00:46:48

Health: -12/59     AC:  7    Str:  5    XL:     10   Next: 82%
Magic:  6/32       EV: 18    Int: 24    God:    Vehumet [***...]
Gold:   110        SH:  0    Dex: 15    Spells: 6/24 levels left

rFire    . . .     SeeInvis .   i - +0 broad axe
rCold    . . .     Gourm    .   (no shield)
rNeg     . . .     Faith    .   a - +0 robe {0}
rPois    .         Spirit   .   C - +0 helmet
rElec    .         Reflect  .   P - +1 cloak
rCorr    .         Harm     .   v - +1 pair of gloves
MR       +....                  (no boots)
Stlth    ++........             (no amulet)
HPRegen  0.19/turn              f - ring of magical power {MP+9}
MPRegen  0.23/turn              D - ring of wizardry {Wiz}

@: no status effects
A: no striking features
a: Renounce Religion


   Skills:
 - Level 5.0 Fighting
 + Level 8.7 Dodging
 - Level 2.4 Stealth
 + Level 7.5 Spellcasting
 - Level 10.0 Conjurations
 - Level 2.0 Translocations
 - Level 10.0 Fire Magic
 - Level 1.0 Air Magic
 - Level 1.1 Poison Magic


You had 6 spell levels left.
You knew the following spells:

 Your Spells              Type           Power        Failure   Level  Hunger
a - Flame Tongue          Conj/Fire      #####        1%          1    None
b - Conjure Flame         Conj/Fire      ######..     1%          3    None
c - Sticky Flame          Conj/Fire      ######..     1%          4    ###....
d - Mephitic Cloud        Conj/Pois/Air  ####....     1%          3    None
f - Fireball              Conj/Fire      ######....   1%          5    #####..
g - Blink                 Tloc           N/A          1%          2    None

Skill      XL: |  1  2  3  4  5  6  7  8  9 10 |
---------------+-------------------------------+-----
Conjurations   | 2 3 4 5 6 8 10 | 10.0
Spellcasting   | 4 5 6 7 |  7.5
Fire Magic     | 4 6 8 10 | 10.0
Air Magic      | 1 |  1.0
Poison Magic   | 1 |  1.1
Dodging        | 5 8 |  8.7
Fighting       | 3 5 |  5.0
Translocations | 2 |  2.0
Stealth        | |  2.4

Action                   |  1- 3 |  4- 6 |  7- 9 | 10-12 || total
-------------------------+-------+-------+-------+-------++-------
Melee: Unarmed           |     3 |     1 |       |       ||     4
       Dagger            |     2 |    24 |    16 |       ||    42
       Falchion          |       |       |   124 |       ||   124
       Broad axe         |       |       |   183 |    30 ||   213
Throw: Throwing net      |       |       |     2 |       ||     2
 Cast: Flame Tongue      |    61 |   103 |    87 |    28 ||   279
       Conjure Flame     |     1 |    12 |     3 |     1 ||    17
       Sticky Flame      |       |     4 |    12 |     6 ||    22
       Fireball          |       |     1 |    64 |    51 ||   116
       Mephitic Cloud    |       |       |     1 |     2 ||     3
Evoke: Wand              |       |       |     5 |     6 ||    11
  Use: Potion            |       |     1 |       |     1 ||     2
       Scroll            |       |     4 |     9 |     8 ||    21
 Stab: Sleeping          |     1 |     2 |       |       ||     3
  Eat: Chunk             |     1 |     8 |    22 |    15 ||    46
       Ration            |       |     1 |     4 |     1 ||     6
Armor: Robe              |     7 |     7 |   125 |    22 ||   161
Dodge: Dodged            |    15 |    17 |   246 |    51 ||   329
       Rpst.: Falchion   |       |       |    26 |       ||    26

Inventory:

Hand Weapons
 i - a +0 broad axe (weapon)
   (You found it on level 6 of the Dungeon)
 k - a +0 dagger of speed
   (You found it on level 1 of the Dungeon)
Armour
 a - a +0 robe (worn) {0}
 v - a +1 pair of gloves (worn)
   (You found it on level 4 of the Dungeon)
 C - a +0 helmet (worn)
   (You found it on level 6 of the Dungeon)
 P - a +1 cloak (worn)
   (You bought it in a shop on level 10 of the Dungeon)
Jewellery
 f - a ring of magical power (left hand) {MP+9}
   (You found it on level 2 of the Dungeon)
 l - an uncursed ring of protection from cold {rC+}
   (You found it on level 6 of the Dungeon)
 u - an uncursed ring of poison resistance {rPoisrPois}
   (You found it on level 4 of the Dungeon)
 D - a ring of wizardry (right hand) {Wiz}
   (You found it on level 6 of the Dungeon)
 I - a +4 ring of protection
   (You found it on level 7 of the Dungeon)
Wands
 c - a wand of clouds (6)
   (You took it off Ijyb on level 4 of the Dungeon)
 p - a wand of flame (22)
   (You found it on level 2 of the Dungeon)
 J - a wand of random effects (46)
   (You found it on level 8 of the Dungeon)
 K - a wand of iceblast (14)
   (You found it on level 8 of the Dungeon)
Scrolls
 b - 2 scrolls of blinking
 n - 2 scrolls of fear
 r - 3 scrolls of identify
 t - 5 scrolls of teleportation {!r}
 A - 2 scrolls of remove curse
 E - a scroll of amnesia
Potions
 d - a potion of magic
 h - 2 potions of agility
 o - 2 potions of ambrosia
 q - a potion of brilliance
 w - a potion of curing
 x - a potion of haste
 z - 3 potions of resistance {rF+ rC+}
 B - 3 potions of might
 G - 2 potions of berserk rage
 L - a potion of mutation
Books
 g - a book of Flames
 F - a book of Minor Magic
   (You found it on level 4 of the Dungeon)
 M - a book of Clouds
   (You found it on level 9 of the Dungeon)
Comestibles
 e - 11 rations


You were on level 12 of the Dungeon.
You worshipped Vehumet.
Vehumet was most pleased with you.
You were near starving.

You visited 2 branches of the dungeon, and saw 13 of its levels.

You collected 485 gold pieces.
You spent 375 gold pieces at shops.

Dungeon Overview and Level Annotations

Branches:
Dungeon (13/15)            Temple (1/1) D:5             Orc (0/2) D:9
   Lair: D:8-11      Vaults: D:13-14

Altars:
Ashenzari
Cheibriados
Dithmenos
Elyvilon
Fedhas
Gozag
Hepliaklqana
Kikubaaqudgha
Makhleb
Nemelex Xobeh
Okawaru
Qazlal
Ru
Sif Muna
Trog
Uskayaw
Vehumet
Wu Jian
Xom
Yredelemnul
Zin
The Shining One

Shops:
D:6 %   D:10 *=

Portals:
Bazaar: D:12

Annotations:
D:12 Frances

########################
...............#........
......§........#........
....)))§.......#........
....)@.........#........
.....).@################
..............#.........
........(.....#.........
..............#.........
..........(...#.........
.........((...#.........
..............#..>......
..............###.......
................#.......


You could see Frances.

Notes
Turn   | Place    | Note
-------+----------+-------------------------------------------
     0 | D:1      | theanonym the Deep Elf Fire Elementalist began the quest for the Orb.
     0 | D:1      | Reached XP level 1. HP: 10/10 MP: 6/6
   330 | D:1      | Reached XP level 2. HP: 15/15 MP: 6/8
   334 | D:1      | theanonym: !lg * killer=~thean
   334 | D:1      | beem: 16. Bazinga the Skirmisher (L6 MiFi), slain by theanonym's ghost on D:4 on 2017-11-27 06:38:40, with 471 points after 3287 turns and 0:06:07.
   381 | D:1      | Reached skill level 2 in Conjurations
   702 | D:2      | Noticed Jessica
   704 | D:2      | HP: 3/15 [worm (12)]
   947 | D:2      | Reached XP level 3. HP: 19/19 MP: 8/10
   952 | D:2      | Learned a level 3 spell: Conjure Flame
   964 | D:2      | HP: 8/19 [adder (5)]
  1379 | D:2      | Noticed Natasha
  1385 | D:2      | Killed Natasha
  1385 | D:2      | Reached skill level 3 in Conjurations
  1385 | D:2      | Reached XP level 4. HP: 24/24 MP: 4/11
  1421 | D:2      | Noticed Natasha
  1432 | D:2      | Killed Natasha
  1432 | D:2      | Reached skill level 4 in Spellcasting
  1432 | D:2      | Reached skill level 4 in Fire Magic
  1548 | D:2      | Learned a level 4 spell: Sticky Flame
  1585 | D:2      | Killed Jessica
  1656 | D:2      | Reached XP level 5. HP: 28/28 MP: 7/13
  1682 | D:2      | Reached skill level 4 in Conjurations
  1957 | D:2      | Noticed Natasha
  1965 | D:2      | Killed Natasha
  2268 | D:3      | Reached skill level 5 in Spellcasting
  2275 | D:3      | Learned a level 5 spell: Fireball
  2405 | D:3      | Found a bloodstained altar of Trog.
  2406 | D:3      | Noticed a wizard
  2412 | D:3      | Killed a wizard
  2469 | D:3      | Reached XP level 6. HP: 32/32 MP: 15/15
  2690 | D:3      | Found a runed door.
  2740 | D:3      | Reached skill level 5 in Fire Magic
  2951 | D:3      | Noticed Crazy Yiuf
  2954 | D:3      | Killed Crazy Yiuf
  2954 | D:3      | Reached skill level 5 in Conjurations
  3034 | D:4      | Noticed Ijyb
  3038 | D:4      | Killed Ijyb
  3266 | D:4      | Noticed Menkaure
  3314 | D:3      | Found a shimmering altar of Xom.
  3663 | D:4      | Killed Menkaure
  3663 | D:4      | Reached skill level 6 in Fire Magic
  3663 | D:4      | Reached XP level 7. HP: 36/36 MP: 15/16
  3684 | D:4      | Reached skill level 6 in Conjurations
  3774 | D:4      | Learned a level 3 spell: Mephitic Cloud
  3831 | D:5      | Entered Level 5 of the Dungeon
  3845 | D:5      | Reached skill level 1 in Air Magic
  3845 | D:5      | Reached skill level 1 in Poison Magic
  4077 | D:5      | Reached XP level 8. HP: 38/41 MP: 5/17
  4158 | D:5      | Reached skill level 7 in Fire Magic
  4451 | D:5      | Reached skill level 7 in Conjurations
  4559 | D:5      | Reached skill level 6 in Spellcasting
  4563 | D:5      | Learned a level 2 spell: Blink
  4674 | D:5      | Found a staircase to the Ecumenical Temple.
  4697 | Temple   | Entered the Ecumenical Temple
  4790 | Temple   | Became a worshipper of Vehumet
  5121 | D:5      | Reached skill level 8 in Fire Magic
  5225 | D:5      | Reached skill level 8 in Conjurations
  5402 | D:5      | HP: 15/41 [iron imp/staff of summoning (8)]
  6023 | D:6      | HP: 11/41 [wyvern skeleton (11)]
  6259 | D:6      | Found Byxzusof's Food Boutique.
  6267 | D:6      | Bought a ration for 50 gold pieces
  6267 | D:6      | Bought a ration for 50 gold pieces
  6396 | D:6      | Reached XP level 9. HP: 45/45 MP: 9/20
  6669 | D:6      | Reached * piety under Vehumet
  6669 | D:6      | Offered knowledge of Sandblast by Vehumet.
  6669 | D:6      | Reached skill level 9 in Fire Magic
  6800 | D:6      | Reached skill level 9 in Conjurations
  7149 | D:7      | Reached skill level 3 in Dodging
  7149 | D:7      | Reached skill level 1 in Fighting
  7736 | D:7      | Found a snail-covered altar of Cheibriados.
  7736 | D:7      | Found a glowing silver altar of Zin.
  7736 | D:7      | Found an iron altar of Okawaru.
  7988 | D:7      | Found a sparkling altar of Nemelex Xobeh.
  8252 | D:8      | Reached skill level 4 in Dodging
  8342 | D:8      | Reached skill level 2 in Fighting
  8413 | D:8      | Noticed a two-headed ogre
  8418 | D:8      | Killed a two-headed ogre
  8418 | D:8      | Reached skill level 5 in Dodging
  8731 | D:9      | Reached skill level 3 in Fighting
  8731 | D:9      | Reached skill level 10 in Fire Magic
  8922 | D:9      | Reached skill level 10 in Conjurations
  8922 | D:9      | Reached XP level 10. HP: 56/56 MP: 21/21
  8925 | D:9      | Reached ** piety under Vehumet
  8926 | D:9      | Offered knowledge of Shock by Vehumet.
  8960 | D:8      | Reached skill level 1 in Translocations
  9187 | D:9      | Reached skill level 2 in Translocations
  9192 | D:8      | oplop: сап
  9309 | D:8      | oplop: добавь в команду
  9309 | D:8      | theanonym: Сейчас выйду добавлю
  9332 | D:8      | theanonym: # TEAMMEMBERS theanonym Tovarisch Plasmagod oplop Oozefury
  9332 | D:8      | theanonym: Ты свой конфиг поправил?
  9332 | D:8      | oplop: да
  9357 | D:9      | oplop: яхз правда, надо ли ждать
  9455 | D:9      | theanonym: Игры на 0.21 отображаются в статистике турнира даже если ты в команде
  9455 | D:9      | theanonym: ТАк что вряд ли
  9456 | D:9      | Reached skill level 6 in Dodging
  9517 | D:9      | Offered knowledge of Static Discharge by Vehumet.
  9517 | D:9      | Reached skill level 4 in Fighting
  9691 | D:9      | Found a bloodstained altar of Trog.
  9703 | D:9      | Found a staircase to the Orcish Mines.
  9902 | D:9      | Found a basalt altar of Yredelemnul.
 10744 | D:10     | Entered Level 10 of the Dungeon
 10788 | D:10     | Killed an unseen horror
 10788 | D:10     | Reached skill level 7 in Dodging
 10900 | D:10     | Found Mysaj's Jewellery Shop.
 10906 | D:10     | Reached *** piety under Vehumet
 10907 | D:10     | Reached skill level 5 in Fighting
 11017 | D:10     | Found Ahowekky's Assorted Antiques.
 11037 | D:10     | Bought an ivory ring for 110 gold pieces
 11037 | D:10     | Bought a glowing cloak for 165 gold pieces
 11169 | D:10     | You fall through a shaft for 3 floors!
 11218 | D:12     | Noticed a red ugly thing
 11223 | D:12     | Killed a red ugly thing
 11223 | D:12     | Reached skill level 8 in Dodging
 11242 | D:12     | Found a flickering gateway to a bazaar.
 11415 | D:12     | Noticed a gargoyle
 11494 | D:12     | Reached skill level 7 in Spellcasting
 11498 | D:12     | Noticed Frances
 11502 | D:12     | Killed from afar by Frances

Vanquished Creatures
  A two-headed ogre (D:8)
  An unseen horror (D:10)
  An ugly thing (D:12)
  A hippogriff (D:10)
  A shadow (D:9)
  Menkaure (D:4)
  A water moccasin (D:9)
  2 ice beasts
  An orc warrior (D:6)
  A sky beast (D:5)
  A phantom (D:5)
  A black bear (D:9)
  7 ogres
  13 centaurs
  A big kobold (D:7)
  2 bullfrogs
  A water moccasin zombie (D:7)
  4 scorpions
  3 wyvern skeletons
  6 killer bees
  3 howler monkeys
  4 crimson imps
  2 bullfrog zombies
  3 quasits
  2 jellies
  6 hounds
  13 orc wizards
  A gnoll shaman (D:3)
  6 orc priests
  2 bullfrog skeletons
  An iron imp (D:5)
  Crazy Yiuf (D:3)
  Jessica (D:2)
  3 iguanas
  Ijyb (D:4)
  Natasha (thrice) (D:2)
  3 worker ants
  A hound zombie (D:5)
  A hound skeleton (D:4)
  A worker ant zombie (D:9)
  3 gnolls (D:3)
  12 adders
  2 shadow imps (D:5)
  2 oozes
  2 adder zombies
  An adder skeleton (D:8)
  2 worms (D:2)
  A dart slug (D:2)
  6 leopard geckos
  40 orcs
  A ball python (D:2)
  9 giant cockroaches
  8 goblins
  8 hobgoblins
  7 jackals
  12 kobolds
  5 quokkas
  7 bats
  8 frilled lizards
  A jackal skeleton (D:4)
  A jackal zombie (D:9)
  A quokka skeleton (D:4)
  7 rats
254 creatures vanquished.

Vanquished Creatures (others)
  A wizard (D:3)
  An iguana (D:12)
2 creatures vanquished.

Grand Total: 256 creatures vanquished

Table legend:
 A = Turns spent in this place as a percentage of turns spent in the entire game.
 B = Non-inter-level travel turns spent in this place as a percentage of non-inter-level travel turns spent in the entire game.
 C = Inter-level travel turns spent in this place as a percentage of turns spent in this place.
 D = Turns resting spent in this place as a percentage of non-inter-level travel turns spent in this place.
 E = Turns spent auto-exploring this place as a percentage of non-inter-level travel turns spent in this place.
 F = Non-inter-level travel turns spent in this place divided by the number of levels of this place that you've seen.
                   A       B       C       D       E      F
               +-------+-------+-------+-------+-------+----------------------
         Total | 100.0 | 100.0 |   3.4 |  38.3 |  43.9 | 854.9
       Dungeon |  99.0 |  99.1 |   3.2 |  38.6 |  43.5 | 918.2
        Temple |   1.0 |   0.9 |  20.2 |   0.0 |  88.4 |  95.0
               +-------+-------+-------+-------+-------+----------------------
